[Event "74th PGNiG TERMIKA POL-ch Women 2022"]
[Site "Kruszwica"]
[Date "2022.05.17"]
[Round "9.2"]
[White "Majdan, Joanna"]
[Black "Kulon, Klaudia"]
[Result "1/2-1/2"]
[ECO "C67"]
[WhiteElo "2325"]
[BlackElo "2305"]
[Annotator "TA"]
[PlyCount "72"]
[EventDate "2022.05.09"]
[EventType "tourn"]
[EventCountry "POL"]
[SourceTitle "playchess.com"]
[Source "ChessBase"]
[SourceQuality "1"]
[TimeControl "40/5400+30:1800+30"]

1. e4 e5 2. Nf3 Nc6 3. Bb5 Nf6 4. O-O Nxe4 5. Re1 Nd6 6. Nxe5 Nxe5 7. Rxe5+ Be7 8. Bf1 O-O 9. d4 Ne8 {[%emt 0:00:56] C67: Ruy Lopez: Berlin Defence: 4 0-0 Nxe4.} 10. d5 d6 11. Re1 Nf6 12. Nc3 Bf5 {[%emt 0:03:34] [#]} 13. h3 $146 ({Predecessor:} 13. Qf3 Bg6 14. Bd3 a6 15. Be3 Qd7 16. Bd4 Rae8 17. h3 Bd8 18. a3 Rxe1+ 19. Rxe1 {½-½ (36) Grischuk,A (2777)-Nakamura,H (2736) chess24.com INT 2020}) 13... h6 14. a4 Re8 15. a5 a6 {[%emt 0:00:05] Against Bb5} 16. g4 Bh7 17. Bg2 Nd7 18. Ne4 Bh4 19. Ra3 Ne5 20. Rae3 Qd7 21. b3 Ng6 22. R3e2 Re7 23. g5 hxg5 24. Nxg5 Rae8 25. Nxh7 Kxh7 26. Qd3 {[%emt 0:03:42] Prevents Qf5.} Rxe2 27. Rxe2 Rxe2 28. Qxe2 Qf5 29. Be3 Nf4 30. Qf3 Bg5 31. h4 Bh6 32. Bxf4 Qxf4 33. Qxf4 Bxf4 34. Bh3 b6 35. Bc8 bxa5 36. Bxa6 Kg6 {[%emt 0:00:15] An interesting draw.  Weighted Error Value: White=0.05 (flawless) /Black=0.07 (flawless)} 1/2-1/2

[Event "74th PGNiG TERMIKA POL-ch Women 2022"]
[Site "Kruszwica"]
[Date "2022.05.17"]
[Round "9.3"]
[White "Kiolbasa, Oliwia"]
[Black "Antolak, Julia"]
[Result "1/2-1/2"]
[ECO "B12"]
[WhiteElo "2375"]
[BlackElo "2371"]
[Annotator "TA"]
[PlyCount "150"]
[EventDate "2022.05.09"]
[EventType "tourn"]
[EventCountry "POL"]
[SourceTitle "playchess.com"]
[Source "ChessBase"]
[SourceQuality "1"]
[TimeControl "40/5400+30:1800+30"]

1. e4 c6 2. d4 d5 3. e5 Bf5 4. h4 h5 5. Bd3 Bxd3 6. Qxd3 {[%emt 0:00:08][%cal Oe5e6] B12: Caro-Kann: Advance Variation.} Qa5+ 7. b4 Qxb4+ 8. Nd2 e6 9. Rb1 $1 Qe7 10. c4 Nh6 11. Ne2 Qd7 {[%emt 0:04:02] [#]} 12. Ng3 $146 ({Predecessor:} 12. O-O Nf5 13. Nf3 Be7 14. Bg5 dxc4 15. Qxc4 Na6 16. Ng3 Nxg3 17. fxg3 f6 18. exf6 gxf6 19. Bf4 O-O-O 20. Qxa6 {1-0 (20) Swiercz,D (2647)-Makhnev,D (2513) Chess.com INT 2021}) 12... Be7 13. Ba3 b6 (13... g6 $11 {is superior.}) 14. Bxe7 $14 ({But not} 14. Nxh5 Bxa3 15. Qxa3 Nf5 $15) 14... Qxe7 15. cxd5 exd5 (15... cxd5 $11 16. Nxh5 Nc6) 16. Nxh5 g6 ({Black should try} 16... c5 $1 $14) 17. Nf6+ $18 Kf8 18. h5 $1 $36 {[%emt 0:02:17][%mdl 2048] White is on the roll.} Ng8 19. Nxg8 Kxg8 20. Rh3 gxh5 (20... Qe6 $16) 21. Nf3 Nd7 22. Nh4 $1 {[%emt 0:01:23][%mdl 1024] White has strong compensation.} Kf8 23. Qf3 {[%emt 0:15:57] Black must now prevent Ng6+.} Qe6 {[%emt 0:06:07] Prevents Ng6+.} 24. Nf5 Nf6 25. Kd1 Ng8 26. Rxh5 (26. Rb3 $18 Ne7 27. Nd6) 26... Rxh5 $16 27. Qxh5 Qg6 28. g4 Qxh5 29. gxh5 {[%emt 0:00:04][%mdl 4096] Endgame Strongly threatening h6. KRN-KRN} Ne7 30. Nd6 Kg7 31. Ke2 Rh8 32. Rh1 a6 (32... Rf8 $16) 33. f4 (33. Rb1 $18) 33... Rf8 (33... f5 $16 34. Rg1+ Kh7) 34. f5 $18 {[%emt 0:03:35] Intending f6+ and mate.} f6 35. e6 (35. Ke3 $18 {has better winning chances.}) 35... Rd8 $16 {[%emt 0:01:24] [#]} 36. Nf7 {[%emt 0:00:25] White is more active.} Rc8 (36... Rg8 $16) 37. Nd6 $2 (37. Kf3 $18) 37... Rd8 $1 $11 38. Nf7 (38. Rg1+ $11 Kh7 39. Nf7) 38... Rc8 $1 $18 39. Rf1 ({White should play} 39. Kf3 $18) 39... Kh7 40. Rf4 (40. Ke3 $16) 40... Rg8 $11 {[%emt 0:00:00] The position is equal.} 41. h6 a5 42. Kf2 c5 43. dxc5 bxc5 44. Ra4 Ra8 45. Rg4 Rg8 {[%emt 0:01:45] Inhibits Rg7+.} 46. Rxg8 Kxg8 {[%emt 0:00:16] KN-KN} 47. Nd6 Kh7 48. Kf3 Kxh6 49. Kf4 c4 50. a3 c3 {[%emt 0:02:15] ( -> ...c2)} 51. Ke3 Kg5 52. Kd3 Kf4 (52... Nxf5 $2 53. Nxf5 c2 {[#]} 54. Kxc2 $1 Kxf5 55. e7 $18) 53. a4 Ke5 54. Nb7 Kxf5 (54... d4 {keeps more tension.} 55. Nxa5 Nxf5 56. Nb3 Kxe6 57. Ke4 Kd6) 55. Kxc3 Kxe6 {[%emt 0:00:11] And now ...Nc6 would win.} 56. Nxa5 Ke5 57. Nb3 Nc6 58. a5 Ke4 59. a6 f5 60. Nc5+ Ke5 61. Nd3+ Kd6 62. Kd2 Kc7 63. Ke3 Kb6 64. Kf4 Ne7 65. Nb4 d4 66. Ke5 Nc6+ 67. Nxc6 {[%emt 0:00:06] KN-KPP} d3 68. Nb4 (68. Kxf5 {is a self mate.} Kxc6 69. Kg5 Kb6 70. Kh6 Kxa6 71. Kh5 d2 72. Kg6 d1=Q 73. Kf6 Qd5 74. Kg7 Qg5+ 75. Kf8 Kb5 76. Kf7 Kc6 77. Kf8 Qg6 78. Ke7 Qf5 79. Ke8 Kd6 80. Kd8 Qf8#) 68... d2 69. Nd5+ Kxa6 70. Nc3 Ka5 71. Kxf5 Kb4 72. Nd1 Kb3 73. Ke4 Kc2 74. Nf2 d1=Q 75. Nxd1 Kxd1 {[%emt 0:00:04] Black escapes into a draw.  Weighted Error Value: White=0.18 (very precise) /Black=0.19 (very precise)} 1/2-1/2

[Event "74th PGNiG TERMIKA POL-ch Women 2022"]
[Site "Kruszwica"]
[Date "2022.05.17"]
[Round "9.4"]
[White "Socko, Monika"]
[Black "Zawadzka, Jolanta"]
[Result "1-0"]
[ECO "D37"]
[WhiteElo "2384"]
[BlackElo "2409"]
[Annotator "TA"]
[PlyCount "177"]
[EventDate "2022.05.09"]
[EventType "tourn"]
[EventCountry "POL"]
[SourceTitle "playchess.com"]
[Source "ChessBase"]
[SourceQuality "1"]
[TimeControl "40/5400+30:1800+30"]

1. d4 d5 2. c4 e6 3. Nf3 Nf6 4. Nc3 dxc4 5. e3 a6 6. Bxc4 b5 7. Bb3 c5 8. O-O Bb7 9. Qe2 Nbd7 10. Rd1 Qc7 {[%emt 0:03:01] is more profitable than 10...Qb8 at the moment.} 11. h3 {[%emt 0:11:12] D29: Queen's Gambit Accepted: Classical main line: 7 Qe2 with early ...Nbd7.} Be7 12. Bd2 O-O 13. Rac1 {[%emt 0:01:55] The position is equal.} Qb6 14. Be1 Rfd8 15. Bc2 h6 16. Bb1 Rac8 17. a3 {[%emt 0:02:29] [#]} cxd4 $146 ({Predecessor:} 17... Ba8 18. Ne5 cxd4 19. exd4 Nxe5 20. dxe5 Nd5 21. Ne4 Nf4 22. Qg4 Ng6 23. Bc3 Rxd1+ 24. Rxd1 {1-0 (38) Palchuk,A (2174)-Maly,A (2370) Chess.com INT 2021}) 18. Nxd4 Ne5 19. Ba2 Bc5 20. Nb3 Bf8 21. Rxd8 Rxd8 22. Rd1 {[%emt 0:00:30] Against Nd3} Nc4 23. Rxd8 Qxd8 $40 {[%emt 0:01:17][%mdl 128] White needs to defend precisely.} 24. Nd4 e5 25. Nf5 g6 (25... Bc8 $5 26. e4 Be6 $11) 26. Ng3 Qb6 27. Bxc4 bxc4 28. e4 h5 29. Nd5 (29. Nf1 $11) 29... Nxd5 $17 30. exd5 Qd4 (30... Bxd5 $6 31. Qxe5 Qd6 32. Qg5 $11) 31. Ne4 Bg7 {[%emt 0:00:30] Inhibits Nf6+.} (31... Bxd5 $2 32. Nf6+ Kg7 33. Bc3 Kxf6 34. Bxd4 exd4 35. Qe8 $18) 32. Nc3 (32. Bc3 $142 Qxd5 33. f3) 32... Bxd5 33. Nxd5 Qxd5 {[%emt 0:00:02][%mdl 4096] Endgame KQB-KQB} 34. Bc3 e4 35. Bxg7 Kxg7 {[%emt 0:00:04] KQ-KQ} 36. Qe3 Qd3 {[%emt 0:04:00] And now ...Qxe3 would win.} 37. Qb6 a5 38. Kh2 Qd2 39. Kg1 $2 (39. a4 $17) 39... h4 $2 (39... a4 $1 $19 {and Black stays clearly on top.} 40. g4 hxg4 41. hxg4 Qd1+ 42. Kh2 Qxg4 43. Qd4+ Kh6 44. Qxc4 Qh5+ 45. Kg2 Qf3+ 46. Kg1 Qd1+ 47. Kg2 f5) 40. a4 Qd1+ 41. Kh2 Qd2 (41... Qxa4 $6 42. Qd4+ f6 43. Qa7+ Kf8 44. Qb6 $11) 42. Kg1 $1 Qc1+ 43. Kh2 {[%emt 0:00:04] [#]} Qf4+ $1 44. Kg1 Qf6 {[%emt 0:00:05] Against Qd4} 45. Qc5 Qxb2 46. Qxc4 Qb4 47. Qc2 Qd4 48. Qb3 Qd2 49. Qb5 Kh6 {[%emt 0:05:05] Hoping for ...Qe1+.} 50. Qe5 f5 (50... Qe1+ $17 51. Kh2 Qxf2 52. Qxe4 f6) 51. Qc5 Kh5 ({Reject} 51... Qd1+ 52. Kh2 $15) 52. Qa7 Qd1+ 53. Kh2 Qd6+ 54. Kg1 Qe5 55. Qh7+ Kg5 56. Qd7 Kh6 57. Qd8 Qa1+ 58. Kh2 Qe5+ 59. Kg1 f4 60. Qxh4+ Kg7 61. Qg4 e3 62. fxe3 fxe3 63. Kf1 Qb2 64. Qe2 {[%emt 0:00:17] Against Qf2+} Qc3 65. g4 Qd4 66. Kg2 g5 67. Kf1 Qe4 (67... Qxa4 $5 68. Qb2+ (68. Qxe3 Qf4+ 69. Ke2 Qxe3+ 70. Kxe3 a4 71. h4 a3 72. hxg5 a2 73. Kd4 a1=Q+ 74. Kc4 Kg6 75. Kd5 Qc3 76. Ke4 Kxg5 77. Kd5 Kxg4 78. Ke6 Qd4 79. Kf7 Qe5 80. Kg8 Kf5 81. Kh7 Kf6 82. Kh8 Kf7+ 83. Kh7 Qh5#) 68... Kf7 $15) 68. Kg1 {[%emt 0:00:39] Prevents Qh1+.} Kh7 69. Kh2 $2 (69. Qe1 $11 {and White is okay.}) 69... Kg8 $2 ({Black should try} 69... Qxa4 $19 70. h4 Qb3 71. hxg5 Kg6) 70. Kg1 $1 $11 Kf8 71. Qe1 Qe5 72. Kg2 Ke7 {[%emt 0:00:23] ...Qd5+ is the strong threat.} 73. Qe2 Qd4 74. Kg3 Kd8 75. Kg2 Kc7 76. Qc2+ Kd6 77. Qg6+ Kc5 {[%emt 0:01:03] ( -> ...Qd2+)} 78. Qxg5+ Kc4 {[%emt 0:00:06] Strongly threatening ...Qd2+.} (78... Qd5+ 79. Qxd5+ Kxd5 80. Kf3 Kd4 81. Ke2 Ke5 82. Kxe3 Kf6 83. h4) 79. Qb5+ Kc3 80. Kf3 ({Don't play} 80. Qxa5+ Kd3 81. Qf5+ Kd2 $11) 80... Qd3 $2 (80... Kc2 $16 81. Qxa5 Qh8 82. Qf5+ Kd2 83. Qd5+ Kc3 84. Qc5+ Kb2 85. Qb4+ Ka2) 81. Qxa5+ $18 Kc2 {[%emt 0:00:21] [#]} 82. Qe1 $1 Qd5+ 83. Kxe3 Qe5+ 84. Kf2 Qh2+ 85. Kf3 Qxh3+ 86. Qg3 {[%emt 0:00:08] White mates.} Qh6 87. Qf2+ Kd3 88. Qe2+ Kd4 89. Qe4+ {[%emt 0:00:04] What a bad dream for Black.  Weighted Error Value: White=0.19 (very precise) /Black=0.20 (precise)} 1-0

[Event "74th PGNiG TERMIKA POL-ch Women 2022"]
[Site "Kruszwica"]
[Date "2022.05.17"]
[Round "9.5"]
[White "Malicka, Maria"]
[Black "Rudzinska, Michalina"]
[Result "1/2-1/2"]
[ECO "B50"]
[WhiteElo "2377"]
[BlackElo "2236"]
[Annotator "TA"]
[PlyCount "115"]
[EventDate "2022.05.09"]
[EventType "tourn"]
[EventCountry "POL"]
[SourceTitle "playchess.com"]
[Source "ChessBase"]
[SourceQuality "1"]
[TimeControl "40/5400+30:1800+30"]

1. e4 c5 2. Nf3 d6 3. c3 Nf6 4. Be2 g6 5. O-O Bg7 6. Bb5+ Nc6 7. Re1 {[%emt 0:00:09] B50: Sicilian: 2...d6, Miscellaneous.} Bd7 8. d4 a6 9. Bf1 {[%emt 0:08:59] Threatening e5. White has an edge.} Bg4 {[%emt 0:02:51] [#]} 10. d5 $146 ({Predecessor:} 10. h3 Bxf3 11. gxf3 cxd4 12. cxd4 e5 13. dxe5 dxe5 14. Be3 Nd4 15. Nc3 O-O 16. Bg2 Rc8 17. Rc1 {1-0 (41) Schmidt,D (2022)-Margraf,D (2265) Verden 2016}) 10... Ne5 11. Nbd2 b5 12. h3 Nxf3+ 13. Nxf3 Bxf3 14. Qxf3 O-O 15. Bg5 h6 16. Bf4 Nd7 17. Qe3 Kh7 18. h4 b4 19. cxb4 cxb4 20. Qd2 Qa5 21. h5 Rfc8 (21... g5 $11 22. Be3 Nc5) 22. hxg6+ $14 fxg6 23. Rec1 Nc5 24. Qe2 Na4 25. e5 (25. Qg4 $16 Rf8 26. g3) 25... Qxd5 $11 26. exd6 (26. Rxc8 {feels hotter.} Rxc8 27. exd6 exd6 28. Qe7) 26... exd6 27. Rxc8 Rxc8 28. Qxa6 Ra8 29. Qxd6 (29. Rd1 {is more complex.} Qxd1 30. Qxa8 Nxb2 31. Qb8) 29... Qxd6 30. Bxd6 Nxb2 31. Re1 Rxa2 (31... Bc3 $5 32. Re4 (32. Re7+ Kh8 $14) 32... Rxa2 $11) 32. Re7 {[%emt 0:02:02] [#] Black must now prevent Be5.} Kh8 33. Bxb4 Bd4 34. Re4 Bg7 35. Re8+ Kh7 36. Re7 {[%emt 0:00:20] [#] Bc3 is the strong threat.} Kh8 37. Rd7 Be5 38. g3 Ra4 39. Bd2 h5 40. Bb5 Ra8 41. Kg2 Rc8 42. Rd5 Bg7 43. Bd7 Rf8 44. Bb4 Rb8 45. Bd6 Ra8 46. Bb5 Rd8 {[%emt 0:00:47] The position is equal.} 47. Rd2 Kh7 48. Bf4 Rxd2 49. Bxd2 {[%emt 0:00:02][%mdl 4096] Endgame KBB-KBN} Nd1 50. Kf3 Bd4 51. Be1 Nc3 52. Bc6 Kg7 53. Bd2 Nd1 54. Ke4 Bxf2 55. Ba4 Bxg3 56. Bxd1 Bh4 57. Kf4 Bf6 58. Ke4 {Weighted Error Value: White=0.09 (flawless) /Black=0.07 (flawless)} 1/2-1/2